 Dungeon Crawl Stone Soup version bcrawl-1.15.1 (webtiles) character file.

Game seed: 13015175241211434051

326 Hylith the Cudgeler (level 6, 0/52 HPs)
             Began as an Oni Skald on Oct 3, 2019.
             Succumbed to an orc wizard's poison
             ... on level 4 of the Dungeon.
             The game lasted 00:09:56 (4393 turns).

Hylith the Cudgeler (Oni Skald)                     Turns: 4393, Time: 00:09:56

Health: 0/52       AC:  8    Str: 16    XL:     6   Next: 49%
Magic:  11/11      EV:  7    Int: 15    God:
Gold:   252        SH:  0    Dex: 10    Spells: 8/9 levels left

rFire    . . .     SeeInvis .   a - +1 mace
rCold    . . .     Gourm    .   (no shield)
rNeg     . . .     Faith    .   c - +0 chain mail
rPois    .         Spirit   .   j - +0 hat
rElec    +         Reflect  .   (no cloak)
rCorr    .         Harm     .   (no gloves)
MR       .....                  (no boots)
Stlth    ..........             (no amulet)
HPRegen  0.17/turn              h - ring of insulation
MPRegen  0.12/turn              (no ring)

@: lethally poisoned (0 -> -7)
A: oni magic, claws 1, fangs 1, horns 1
a: no special abilities


You were on level 4 of the Dungeon.
You were hungry.

You visited 1 branch of the dungeon, and saw 4 of its levels.

You collected 252 gold pieces.

Inventory:

Hand Weapons
 a - a +1 mace (weapon)
Missiles
 n - 94 tomahawks (quivered)
Armour
 b - a +0 leather armour
 c - a +0 chain mail (worn)
 j - a +0 hat (worn)
Jewellery
 h - a ring of insulation (left claw)
 o - an uncursed ring of fire
Scrolls
 d - 3 scrolls of fear
 i - 3 scrolls of remove curse
 k - a scroll of enchant weapon
Potions
 e - a potion of might
 g - 3 potions of agility
 p - 2 potions of flight
Comestibles
 f - 3 rations {!d}


   Skills:
 * Level 3.7 Fighting
 * Level 4.2 Maces & Flails
 + Level 2.0 Armour
 + Level 2.9 Dodging
 + Level 2.2 Spellcasting


You had 8 spell levels left.
You knew the following spells:

 Your Spells              Type           Power        Failure   Level  Hunger
a - Infusion              Chrm           #.......     80%         1    #......

Your spell library contained the following spells:

 Spells                   Type           Power        Failure   Level  Hunger
 Slow                     Hex            #.......     80%         1    #......
 Shackle                  Hex            #.......     91%         2    ###....
 Song of Slaying          Chrm           #.......     91%         2    ###....
 Ignite Poison            Fire/Tmut/Pois #.......     99%         3    ###....
 Ozocubu's Armour         Chrm/Ice       #.......     99%         3    ###....
 Regeneration             Chrm/Necr      #.........   99%         3    ###....
 Spectral Weapon          Hex/Chrm       #.......     99%         3    ###....


Dungeon Overview and Level Annotations

Branches:
Dungeon (4/12)
 Temple: D:4-7

Altars:
Uskayaw

Shops:
D:4 (


Innate Abilities, Weirdness & Mutations

You learn spells by gaining experience, not through books or religion.
You only train spellcasting to practice magic.
You have sharp fingernails.
You have very sharp teeth.
You have a pair of small horns on your head.


Message History

You feel sick.
* * * LOW HITPOINT WARNING * * *
You feel sick.
* * * LOW HITPOINT WARNING * * *
You feel sick.
* * * LOW HITPOINT WARNING * * *
You feel sick.
* * * LOW HITPOINT WARNING * * *
You feel sick.
* * * LOW HITPOINT WARNING * * *
You feel sick.
* * * LOW HITPOINT WARNING * * *
You feel sick.
* * * LOW HITPOINT WARNING * * *
You feel sick.
* * * LOW HITPOINT WARNING * * *
You feel sick.
* * * LOW HITPOINT WARNING * * *
You feel sick.
You die...

#.#.##)#######...
#......#.....#..#
###.####.....#..#
#.# #........#
#.# #.....##.#
####.# #..... #..
#....# ###### ###
#.#### #@# #.#
#.# #.....#
#.#.#...>
#.#......o. # ###
..... ##o.. ...


There were no monsters in sight!

Vanquished Creatures
  A sky beast (D:3)
  A crimson imp (D:3)
  A bullfrog skeleton (D:3)
  An orc priest (D:3)
  2 orc wizards (D:4)
  3 adders (D:3)
  An ooze (D:2)
  4 worms (D:2)
  4 leopard geckos
  5 orcs
  7 bats
  A giant cockroach (D:3)
  3 goblins
  3 hobgoblins
  3 quokkas
  2 frilled lizards
  9 kobolds
  A rat (D:1)
52 creatures vanquished.

Notes
Turn   | Place    | Note
-------+----------+-------------------------------------------
     0 | D:1      | Hylith the Oni Skald began the quest for the Orb.
     0 | D:1      | Reached XP level 1. HP: 17/17 MP: 4/4
    69 | D:1      | Reached skill level 1 in Armour
   229 | D:1      | Reached XP level 2. HP: 24/24 MP: 4/6
   859 | D:2      | Reached XP level 3. HP: 30/30 MP: 7/7
  1870 | D:3      | Reached skill level 3 in Maces & Flails
  1884 | D:3      | Reached XP level 4. HP: 18/37 MP: 8/8
  2381 | D:3      | Found a hide-covered altar of Uskayaw.
  2532 | D:3      | Reached XP level 5. HP: 45/45 MP: 8/10
  2925 | D:4      | Noticed a sky beast
  3022 | D:3      | Killed a sky beast
  3022 | D:3      | Reached skill level 4 in Maces & Flails
  3022 | D:3      | Reached XP level 6. HP: 10/51 MP: 11/11
  3891 | D:4      | Found Roocecw's Weapon Emporium.
  4389 | D:4      | HP: 2/52 [poisoned by an orc wizard]
  4393 | D:4      | Succumbed to an orc wizard's poison

Skill      XL: |  1  2  3  4  5  6 |
---------------+-------------------+-----
Armour         | 1 2 |  2.0
Dodging        | 2 |  2.9
Maces & Flails | 3 4 |  4.2
Fighting       | 3 |  3.7
Spellcasting   | 2 |  2.2

Action                   |  1- 3 |  4- 6 || total
-------------------------+-------+-------++-------
Melee: Mace              |    94 |   157 ||   251
       Headbutt          |    22 |    17 ||    39
       Hand axe          |    11 |       ||    11
       Bite              |     4 |    10 ||    14
  Use: Scroll            |     4 |     6 ||    10
       Potion            |       |     1 ||     1
  Eat: Chunk             |     3 |     4 ||     7
       Ration            |       |     1 ||     1
Armor: Chain mail        |    64 |   126 ||   190
Dodge: Dodged            |    48 |    64 ||   112
